 Dungeon Crawl Stone Soup version 0.31.0-11-ge490571c62 (webtiles) character file.

Game seed: 3748609344676485774

88 mopl the Apothecary (level 4, -12/27 HPs)
             Began as an Octopode Alchemist on Feb 10, 2024.
             Mangled by Crazy Yiuf
             ... wielding a +3 quarterstaff of chaos
              (17 damage)
             ... on level 4 of the Dungeon.
             The game lasted 00:02:38 (2081 turns).

mopl the Apothecary (Octopode Alchemist)            Turns: 2081, Time: 00:02:39

Health: -12/27     AC:  1    Str:  7    XL:     4   Next: 53%
Magic:  6/8        EV: 13    Int: 19    God:
Gold:   172        SH:  0    Dex: 12    Spells: 4/9 levels left

rFire   . . .        h - +1 dagger (venom)
rCold   . . .        (no shield)
rNeg    . . .        (helmet restricted)
rPois   .            (no amulet)
rElec   .            (no ring)
rCorr   .            (no ring)
SInv    .            (no ring)
Will    .....        (no ring)
Stlth   +++          (no ring)
HPRegen 0.24/turn    (no ring)
MPRegen 0.11/turn    (no ring)
                     (no ring)

%: no passive effects
@: lethally poisoned (-12 -> -21)
A: almost no armour, amphibious, 8 rings, camouflage 1, gelatinous body 1,
(nimble swimmer 1), tentacles
a: no special abilities


You were on level 4 of the Dungeon.
You visited 1 branch of the dungeon, and saw 4 of its levels.

You collected 172 gold pieces.

Inventory:

Hand Weapons
 h - a +1 dagger of venom (weapon)
Missiles
 o - 6 poisoned darts
Armour
 p - a +0 tower shield
Jewellery
 c - an amulet of faith
Scrolls
 b - 2 scrolls of identify {unknown}
 f - a scroll of butterflies {unknown}
 g - a scroll of teleportation {unknown}
 j - a scroll of brand weapon {unknown}
 n - 2 scrolls of vulnerability {unknown}
Potions
 a - 2 potions of magic
 d - a potion of lignification {unknown}
 e - a potion of ambrosia {unknown}
 i - a potion of cancellation {unknown}
 k - a potion of experience {unknown}
 l - a potion of resistance {unknown}
 m - a potion of might {unknown}
 q - a potion of enlightenment {unknown}


   Skills:
 - Level 2.0 Dodging
 - Level 2.6 Stealth
 + Level 3.0 Spellcasting
 + Level 2.4 Conjurations
 + Level 4.2 Alchemy


You had 4 spell levels left.
You knew the following spells:

 Your Spells              Type           Power      Damage    Failure   Level
a - Sting                 Conj/Alch      60%        1d6       4%          1
o - Olgreb's Toxic Radia  Alch           18%        N/A       26%         4

Your spell library contained the following spells:

 Spells                   Type           Power      Damage    Failure   Level
 Mercury Vapours          Alch/Air       20%        N/A       10%         2
 Static Discharge         Conj/Air       14%        3-4/arc   14%         2
 Mephitic Cloud           Conj/Alch/Air  11%        N/A       19%         3
 Lesser Beckoning         Tloc           4%         N/A       22%         2
 Gell's Gravitas          Tloc           2%         N/A       41%         3
 Teleport Other           Tloc           2%         N/A       41%         3
 Sticky Flame             Fire/Alch      10%        2d5       54%         4
 Airstrike                Air            1%         2d(1-17)  83%         4
 Summon Lightning Spire   Summ/Air       2%         N/A       83%         4


Dungeon Overview and Level Annotations

Branches:
Dungeon (4/15)
 Temple: D:4-7

Altars:

Annotations:
D:4 Crazy Yiuf


Innate Abilities, Weirdness & Mutations

You cannot wear most types of armour.
You are amphibious.
You can wear up to eight rings at the same time.
Your skin changes colour to match your surroundings (Stealth+).
Your rubbery body absorbs attacks. (AC +1, EV +1)
((You are camouflaged when in or above water. (Stealth+)))
You have tentacles for arms and can constrict up to eight enemies at once.


Message History

Crazy Yiuf barely misses you.
You hit Crazy Yiuf but do no damage.
Crazy Yiuf looks even sicker.
Your grab misses Crazy Yiuf.
Crazy Yiuf is lightly wounded.
Crazy Yiuf hits you with a +3 quarterstaff of chaos!
You are poisoned.
You hit Crazy Yiuf but do no damage.
Crazy Yiuf looks as sick as possible!
Your grab misses Crazy Yiuf.
Crazy Yiuf is moderately wounded.
You feel very sick.
Crazy Yiuf says, "I'm not crazy!"
Crazy Yiuf completely misses you.
You hit Crazy Yiuf.
Crazy Yiuf looks as sick as possible!
You grab Crazy Yiuf.
You squeeze Crazy Yiuf, but do no damage.
Crazy Yiuf is moderately wounded.
You constrict Crazy Yiuf, but do no damage.
You feel sick.
Crazy Yiuf screams, "Tonal seventy blue!"
Crazy Yiuf closely misses you.
Casting: Sting (safe; 4% risk of failure)
Confirm with . or Enter, or press ? or * to list all spells.
Aiming: Sting (safe; 4% risk of failure)
Press: ? - help, Shift-Dir - straight line, f/p - Crazy Yiuf
Aim: Crazy Yiuf, wielding a +3 quarterstaff of chaos and wearing a +0 cloak (heavily wounded, constricted by you, extremely poisoned, 100% to hit)
The sting hits Crazy Yiuf.
Crazy Yiuf looks as sick as possible!
Crazy Yiuf is severely wounded.
You constrict Crazy Yiuf, but do no damage.
You feel sick.
Crazy Yiuf hits you with a +3 quarterstaff of chaos!
* * * LOW HITPOINT WARNING * * *
You are lethally poisoned!
You hit Crazy Yiuf.
Crazy Yiuf is severely wounded.
You constrict Crazy Yiuf, but do no damage.
* * * LOW HITPOINT WARNING * * *
You feel very sick.
Crazy Yiuf says, "Island snail agre!"
Crazy Yiuf hits you with a +3 quarterstaff of chaos!
Ouch! That really hurt!
You die...

.................
#..###
.###.#.<##.......
##...#
#.........#.
###.# #...#######
#.## ..#.# #..#
... .# ##.# ###.
## ### ♣♣###.# ..
#)..#♣♣ ♣♣.....#
##
#...g@♣♣♣♣......#
#...#♣..♣......##
### ♣♣♣.♣....##
♣♣♣♣♣###


You could see Crazy Yiuf (extremely poisoned).

Vanquished Creatures
  4 adders (D:2)
  2 dart slugs
  A ribbon worm (D:3)
  An orc (D:3)
  2 ball pythons (D:2)
  2 endoplasms
  3 giant cockroaches
  4 goblins
  6 hobgoblins
  5 kobolds
  4 quokkas
  2 bats
  4 frilled lizards
  3 rats
43 creatures vanquished.

Notes
Turn   | Place    | Note
-------+----------+-------------------------------------------
     0 | D:1      | mopl the Octopode Alchemist began the quest for the Orb.
     0 | D:1      | Reached XP level 1. HP: 11/11 MP: 3/3
   228 | D:1      | Reached XP level 2. HP: 17/17 MP: 0/5
   270 | D:1      | Found a faded altar of an unknown god.
   769 | D:2      | Reached XP level 3. HP: 17/21 MP: 2/6
   929 | D:2      | Reached skill level 4 in Alchemy
  1207 | D:2      | Reached XP level 4. HP: 27/27 MP: 5/8
  1219 | D:2      | Learned a level 4 spell: Olgreb's Toxic Radiance
  1494 | D:3      | Identified the +5 ring mail "Ureg" {rPois rN++ Str-4}
  2071 | D:4      | Found a runed translucent door.
  2072 | D:4      | Noticed Crazy Yiuf
  2081 | D:4      | Mangled by Crazy Yiuf

Illustrated notes

Levels and vault maps discovered:
D:1:      lightli_arrival_isolated_outpost, layout_basic,
          ebering_ecumenical_altar_webs, fountainhead
D:2:      layout_basic, chequers_serial_rivers_micro_d, minmay_misc_feat_tower,
          st_stairs_5
D:3:      layout_basic
D:4:      layout_basic, led_xom_imps, serial_shops, shop,
          uniq_crazy_yiuf_cottage, uniq_duvessa

Skill      XL: |  1  2  3  4 |
---------------+-------------+-----
Conjurations   | 2 |  2.4
Alchemy        | 4 |  4.2
Spellcasting   | 3 |  3.0
Dodging        | |  2.0
Stealth        | |  2.6

Action                     |  1- 3 |  4- 6 || total
---------------------------+-------+-------++-------
  Melee: Unarmed           |    23 |       ||    23
         Tentacles         |    10 |     7 ||    17
         Constrict         |     7 |     5 ||    12
         Dagger            |     3 |    18 ||    21
   Cast: Sting             |    40 |    19 ||    59
   Stab: Sleeping          |     1 |     1 ||     2
         Distracted        |     1 |       ||     1
 Armour: Skin              |    12 |     9 ||    21
  Dodge: Dodged            |    27 |     9 ||    36
